[Event "Early-Titled-Tuesday-Blitz-August-29-2023"]
[Site "Chess.com"]
[Date "2023.08.29"]
[Round "11"]
[White "Bauman_Guy"]
[Black "DanielNaroditsky"]
[Result "1-0"]
[WhiteElo "2845"]
[BlackElo "3120"]
[TimeControl "180+1"]
[EndTime "10:05:20 PDT"]
[Termination "Bauman_Guy won by checkmate"]

1. e4 Nf6 2. e5 Nd5 3. d4 d6 4. Bc4 Nb6 5. Bb3 dxe5 6. Qh5 e6 7. dxe5 Nc6 8. Nf3 g6 9. Qg4 h5 10. Qg3 Nd4 11. Nc3 Nf5 12. Qh3 Bd7 13. Bg5 Be7 14. Ne4 Bc6 15. Nf6+ Kf8 16. Rd1 Qc8 17. g4 Ng7 18. O-O Nd7 19. Nxd7+ Bxd7 20. Bxe7+ Kxe7 21. Qh4+ Kf8 22. Qf6 Qe8 23. Ng5 hxg4 24. Nxf7 Qxf7 25. Rxd7 Qxf6 26. exf6 Ne8 27. Bxe6 Nd6 28. Bxg4 Ne4 29. Rxc7 Nxf6 30. Bf3 Re8 31. Rxb7 a5 32. Rd1 Rh4 33. Kg2 Rf4 34. Rd6 Rf5 35. a3 Re1 36. Rd8+ Re8 37.
Rxe8+ Nxe8 38. b4 axb4 39. axb4 Nd6 40. Rb6 Ke7 41. Rc6 Rg5+ 42. Kf1 Rf5 43. Bg2 Rf4 44. c3 Nf5 45. Ke2 Kd7 46. Rc5 Kd6 47. Rd5+ Ke6 48.
Rd3 Rh4 49. h3 Rh8 50. Bd5+ Ke5 51. Bg2 Rb8 52. Rd5+ Ke6 53. Rc5 Nd6 54. Ke3 Nf5+ 55. Kf4 Rf8 56. Kg5 Ne7 57. f4 Rd8 58. Re5+ Kf7 59.
c4 Rd2 60. Bd5+ Kf8 61. Kf6 Nc8 62. Kxg6 Rd1 63. Kf6 Rg1 64. Bc6 Nd6 65. c5 Rc1 66. cxd6 Rxc6 67. Ke6 Ke8 68. Rg5 Kf8 69. b5 Rc8 70. d7 Rc6+ 71. Kd5 Rd6+ 72. Kc5 Rxd7 73. b6 Rd1 74. Kc6 Ke7 75. b7 Rb1 76. Rb5 Rc1+ 77.
Kb6 Kf7 78. b8=Q Re1 79. Qc7+ Re7 80. Qxe7+ Kg8 81. Rg5+ Kh8 82. Qg7# 1-0

[Event "Early-Titled-Tuesday-Blitz-August-29-2023"]
[Site "Chess.com"]
[Date "2023.08.29"]
[Round "11"]
[White "CSB7"]
[Black "jaskol95"]
[Result "1-0"]
[WhiteElo "2699"]
[BlackElo "2572"]
[TimeControl "180+1"]
[EndTime "10:05:22 PDT"]
[Termination "CSB7 won by checkmate"]

1. e4 d5 2. exd5 Nf6 3. Nf3 Bg4 4. Bb5+ Nbd7 5. h3 Bh5 6. Nc3 a6 7. Be2 Nb6 8. O-O Nbxd5 9. Nxd5 Qxd5 10. c4 Qc6 11. d4 Bxf3 12. Bxf3 Qxc4 13. Bxb7 Rd8 14. Qf3 Nd5 15. a4 e6 16. b3 Qc2 17. Bg5 Be7 18.
Rac1 Qg6 19. Bxe7 Nxe7 20. Rxc7 Qf5 21. Qxf5 Nxf5 22. Rd1 Nxd4 23. Bxa6 Nf3+ 24. gxf3 Rxd1+ 25. Kg2 O-O 26. a5 Ra1 27. b4 Rb8 28. Bb7 Kf8 29. a6 g6 30. b5 Ra5 31. b6 Rxa6 32. Bxa6 Rxb6 33. Bf1 Kg7 34. Rc1 h6 35. Bd3 Rb3 36.
Bf1 g5 37. Rc7 Kf6 38. Bc4 Rc3 39. Rc8 Ra3 40. Bf1 Kg6 41. Rg8+ Kf6 42. Rh8 Kg7 43. Rd8 Kf6 44. Rd3 Ra4 45. Kg3 Kg7 46. Re3 Kf6 47.
Re4 Ra3 48. Bg2 Ra2 49. h4 Kg6 50. hxg5 hxg5 51. f4 gxf4+ 52. Rxf4 f6 53. Rf3 f5 54.
Rc3 Kf6 55. Rc6 Rd2 56. Bf3 Rd3 57. Kg2 Rd4 58. Ra6 Rd3 59. Be2 Rd4 60. f3 Rb4 61.
Kf2 Rb2 62. Ke3 Rb3+ 63. Kf2 Rb4 64. Ra3 Ke5 65. Ke3 Kf6 66. f4 Rb6 67. Kf3 e5 68. fxe5+ Kxe5 69. Bd3 Kf6 70. Ra5 f4 71. Kxf4 Rb4+ 72.
Be4 Ke6 73. Ra6+ Kd7 74. Ke5 Rb2 75. Ra7+ Kc8 76. Kd6 Rd2+ 77. Bd5 Rb2 78. Rg7 Kb8 79. Rg8+ Ka7 80. Ra8+ Kb6 81. Rb8+ Ka6 82. Rxb2 Ka7 83. Kc7 Ka6 84. Kc6 Ka5 85. Kc5 Ka4 86. Ra2# 1-0

[Event "Early-Titled-Tuesday-Blitz-August-29-2023"]
[Site "Chess.com"]
[Date "2023.08.29"]
[Round "11"]
[White "ChainedDowntohell"]
[Black "WildTricks"]
[Result "1-0"]
[WhiteElo "2565"]
[BlackElo "2639"]
[TimeControl "180+1"]
[EndTime "10:05:31 PDT"]
[Termination "ChainedDowntohell won by checkmate"]

1. Nf3 Nf6 2. b3 g6 3. Bb2 Bg7 4. g3 b6 5. Bg2 Bb7 6. O-O O-O 7. c4 e6 8. Qc2 d5 9. cxd5 exd5 10. e3 Nbd7 11. Nc3 a6 12. Rac1 Qe7 13. Ne2 c5 14. d4 Rac8 15. dxc5 bxc5 16. Rfd1 Rfd8 17. Nf4 h6 18. Qb1 Nf8 19. Ne5 Ne4 20. Bxe4 dxe4 21. Nc4 Bxb2 22. Qxb2 h5 23. Kg2 h4 24. g4 Nh7 25.
Nb6 Rb8 26. h3 Rxd1 27. Rxd1 Rd8 28. Nbd5 Qf8 29. Qe5 Re8 30. Qc7 Ba8 31. Nb6 Ng5 32. Rd7 Kg7 33. Nxa8 Rxa8 34. Qe5+ Kh6 35. Rd5 f6 36.
Qd6 Qxd6 37. Rxd6 Kg7 38. Rd7+ Kh6 39. Nd5 f5 40. Rd6 fxg4 41. hxg4 h3+ 42. Kg3 Rf8 43.
Nf4 Rg8 44. Rc6 Kh7 45. Nxh3 Nxh3 46. Kxh3 Rf8 47. Kg3 Rf3+ 48. Kg2 Kh6 49. Rxc5 Rf7 50. Kg3 Rd7 51. Rc6 Rd1 52. Kg2 Kg5 53. Rxa6 Rd2 54. Kg3 Rd1 55. Ra5+ Kh6 56. b4 Rg1+ 57. Kf4 Rb1 58.
a3 Rb2 59. Kxe4 Rxf2 60. Ra8 Rg2 61. Kf3 Rg1 62. b5 Rf1+ 63. Ke2 Rb1 64. a4 Kg5 65. Kf3 Rf1+ 66. Ke2 Rb1 67. Ra6 Rb4 68. b6 Kxg4 69. a5 Kf5 70. Ra7 Ke4 71. b7 Rb2+ 72.
Kd1 Kd3 73. Kc1 Rb5 74. a6 Kc3 75. Ra8 Ra5 76. Kd1 Kd3 77. Ke1 Kxe3 78. Re8+ Kf3 79. b8=Q Ra1+ 80. Kd2 Ra2+ 81. Kc1 Rxa6 82. Qb7+ Kf4 83.
Qxa6 Kg5 84. Qe6 Kh4 85. Qxg6 Kh3 86. Rh8# 1-0

[Event "Early-Titled-Tuesday-Blitz-August-29-2023"]
[Site "Chess.com"]
[Date "2023.08.29"]
[Round "11"]
[White "XDPS"]
[Black "Andreikka"]
[Result "1/2-1/2"]
[WhiteElo "2871"]
[BlackElo "3033"]
[TimeControl "180+1"]
[EndTime "10:05:41 PDT"]
[Termination "Game drawn - insufficient material"]

1. e4 e5 2. Nf3 Nc6 3. Bb5 a6 4. Ba4 Nf6 5. Nc3 Bc5 6. O-O b5 7. Bb3 O-O 8. Nd5 Nxe4 9. d3 Nf6 10. Bg5 Be7 11. Nxe7+ Qxe7 12. a4 Bb7 13. Re1 h6 14. Bh4 Qd6 15. Bg3 Rae8 16. axb5 axb5 17. d4 Nxd4 18. Nxd4 Qxd4 19. Qxd4 exd4 20. Bxc7 Rxe1+ 21. Rxe1 Bd5 22. Rd1 Re8 23. Kf1 Bxb3 24. cxb3 Nd5 25. Bd6 Re4 26. Bc5 f6 27. Bxd4 Kf7 28. f3 Re8 29. Kf2 Rc8 30. Rd2 g5 31. Ba7 Ke6 32.
Re2+ Kd6 33. Bd4 h5 34. Rd2 Ke6 35. Re2+ Kf5 36. g3 Rc1 37. Rd2 g4 38. Kg2 Ke6 39. h3 gxf3+ 40. Kxf3 Ne7 41. Bc3 Nc6 42. b4 Ne5+ 43.
Kg2 d5 44. Rf2 Rd1 45. Rf4 Rd3 46. Rh4 Nc6 47. Rxh5 d4 48. Be1 Ne5 49. Rh8 Rb3 50.
Rd8 Rxb2+ 51. Kf1 Nf3 52. Bf2 Ke5 53. h4 Ke4 54. h5 d3 55. h6 Ng5 56. Rd4+ Kf5 57.
Rxd3 Rxb4 58. Rd5+ Kg6 59. Rd6 Ne4 60. Re6 Rb1+ 61.
Kg2 Ng5 62. Rc6 Rb2 63. Kf1 Ne4 64. Be3 Nxg3+ 65. Kg1 Nf5 66. Bf4 Rb4 67. Be5 Rg4+ 68. Kf2 Kxh6 69. Rxf6+ Kg5 70. Rb6 b4 71. Kf3 Rc4 72.
Kf2 Kg4 73. Bb8 Rc2+ 74. Ke1 Rb2 75. Kd1 Nd4 76. Kc1 Rc2+ 77. Kb1 Rc4 78. Bd6 b3 79. Rb4 Rxb4 80. Bxb4 Kf3 81. Kb2 Ke4 82. Bc3 Kd3 83. Bxd4 Kxd4 84. Kxb3 1/2-1/2

[Event "Early-Titled-Tuesday-Blitz-August-29-2023"]
[Site "Chess.com"]
[Date "2023.08.29"]
[Round "11"]
[White "Flaccidmoves"]
[Black "Fh2411"]
[Result "1/2-1/2"]
[WhiteElo "2495"]
[BlackElo "2635"]
[TimeControl "180+1"]
[EndTime "10:05:57 PDT"]
[Termination "Game drawn by repetition"]

1. d4 Nf6 2. Bf4 b6 3. f3 Bb7 4. e4 d6 5. Nc3 g6 6. Qd2 h6 7. Bc4 Bg7 8. Nge2 Nbd7 9. O-O-O Nh5 10. Be3 e6 11. g4 Nhf6 12. h4 Ng8 13. f4 Qe7 14. f5 O-O-O 15. fxe6 fxe6 16. Nf4 Nf8 17. d5 e5 18. Ne6 Re8 19. Nxg7 Qxg7 20. Rdf1 Nf6 21.
Qg2 N8d7 22. Rf2 Re7 23. Rhf1 a6 24. Be2 Ne8 25. g5 h5 26. Rf3 Kb8 27. R1f2 Ka7 28. Bf1 Nc5 29. Qg1 Bc8 30. b4 Nd7 31. a4 Kb8 32. Kb2 Rf8 33. Be2 Rxf3 34. Rxf3 Rf7 35. Qf1 Rxf3 36. Qxf3 Qe7 37. Qf1 Ka7 38. a5 Qf8 39.
Qxf8 Nxf8 40. Na4 Nd7 41. c4 Kb7 42. axb6 cxb6 43. Kc3 Kc7 44. Nb2 Bb7 45. Nd3 a5 46.
bxa5 bxa5 47. c5 dxc5 48. Nxc5 Nxc5 49. Bxc5 Nd6 50. Bf3 Ba6 51. Bg2 Bb5 52. Bf3 Bd7 53. Kb3 Bb5 54. Bg2 Bd3 55. Bxd6+ Kxd6 56. Ka4 Kc5 57. Kxa5 Bc4 58. Bf3 Bd3 59. Bg2 Bc4 60.
Ka4 Bd3 61. Kb3 Bb5 62. Kc3 Be2 63. Kd2 Bc4 64. Ke3 Bb3 65. Bh3 Kd6 66. Be6 Ke7 67.
Kd3 Ba2 68. Bh3 Bb1+ 69. Ke3 Kd6 70. Bg2 Ke7 71. Kd2 Kd6 72. Kc3 Kc5 73. Bf3 Ba2 74. Kd2 Bb1 75. Ke3 Kd6 76. Be2 Ba2 77. Bd3 Bb3 78.
Kd2 Kc5 79. Kc3 Bd1 80. Bc2 Bf3 81. Kd2 Bg4 82. Ke3 Bd7 83. Bd3 Ba4 84. Bf1 Kd6 85.
Bh3 Bc2 86. Be6 Ke7 87. Bg8 Kf8 88. Be6 Ke7 89. Bh3 Kd6 90. Bc8 Bb1 91. Ba6 Ke7 92. Bd3 Ba2 93. Kd2 Kd6 94. Kc3 Kc5 95. Kd2 Bb3 96.
Ke3 Ba2 97. Be2 Kd6 98. Bf3 Bb1 99. Kd2 Kc5 100. Kc3 Ba2 101. Kb2 Bc4 102. Ka3 Bd3 103. Ka4 Bc4 104. Ka5 Bd3 105. Bg2 1/2-1/2

[Event "Early-Titled-Tuesday-Blitz-August-29-2023"]
[Site "Chess.com"]
[Date "2023.08.29"]
[Round "11"]
[White "PeshkaCh"]
[Black "Mikedannnn"]
[Result "1/2-1/2"]
[WhiteElo "2786"]
[BlackElo "2615"]
[TimeControl "180+1"]
[EndTime "10:06:00 PDT"]
[Termination "Game drawn by repetition"]

1. Nf3 c5 2. c4 Nf6 3. g3 b6 4. Bg2 Bb7 5. O-O e6 6. Nc3 Be7 7. b3 O-O 8. Bb2 d6 9. Rc1 a6 10. d4 cxd4 11. Nxd4 Bxg2 12. Kxg2 Qc7 13. e3 Nc6 14.
Nd5 exd5 15. cxd5 Nxd5 16. Nxc6 Bf6 17. Qxd5 Bxb2 18. Rc4 b5 19. Rc2 Ba3 20. b4 a5 21.
bxa5 Bc5 22. Rb1 Ra6 23. Nd4 Qxa5 24. Rxb5 Qa4 25. Rd2 Ra7 26. h4 Re7 27. Rb1 Re5 28. Qf3 Bxd4 29. exd4 Re6 30. Rb7 Rf6 31. Qd5 Qa3 32.
Re2 Qd3 33. Qe4 Qxe4+ 34. Rxe4 d5 35. Re5 Ra6 36. Rb2 Ra5 37. Rc2 g6 38. h5 Kg7 39.
hxg6 hxg6 40. Rc7 Rxa2 41. Rxd5 Ra6 42. Rdc5 Rd6 43. d5 Rfd8 44. Rb7 Rxd5 45. Rcc7 Rf5 46.
Rc2 Rf6 47. Re2 Rdd6 48. Rb8 Rde6 49. Ra2 Rd6 50. Re8 Rde6 51. Rea8 Rd6 52. R8a7 Rde6 53.
R7a3 Rd6 54. Rb3 Rd5 55. Re3 Rdd6 56. Re4 Rd5 57. Rh4 Rdd6 58. Rh2 Rd5 59. Kg1 Rdf5 60.
Ra4 Rd5 61. Rah4 Rd1+ 62. Kg2 Rd2 63. Kg1 Rd1+ 64. Kg2 Rd2 65. Kf1 Rd1+ 66. Ke2 Rd5 67. Rh8 Re6+ 68. Kf1 Rf5 69. R8h7+ Kf6 70. R7h4 Kg7 71.
Rb4 Rd5 72. Rb2 Rf6 73. Kg2 Re5 74. Rh4 Rd5 75. Rb1 Rd2 76. Rf1 Rf5 77. Re4 Rc2 78. g4 Rf6 79. Kg3 Rc3+ 80. f3 Rfc6 81. Rf2 R3c4 82.
Re8 Rc8 83. Ree2 Rc3 84. Ra2 R8c6 85. Ra7 Rf6 86. Rd7 Re6 87. Rb7 Ree3 88. Ra7 Ra3 89. Rb7 Rab3 90. Rc7 Rbc3 91. Rd7 Rcd3 92. Ra7 Ra3 93.
Rb7 Rab3 94. Ra7 Ra3 1/2-1/2

[Event "Early-Titled-Tuesday-Blitz-August-29-2023"]
[Site "Chess.com"]
[Date "2023.08.29"]
[Round "11"]
[White "ValentunHulka"]
[Black "zabivol_mc"]
[Result "1/2-1/2"]
[WhiteElo "2748"]
[BlackElo "2609"]
[TimeControl "180+1"]
[EndTime "10:06:12 PDT"]
[Termination "Game drawn by 50-move rule"]

1. d4 d5 2. c4 e6 3. Nf3 Nf6 4. g3 dxc4 5. Bg2 a6 6. Ne5 Bb4+ 7.
Nc3 c5 8. Be3 Nd5 9. dxc5 Nxe3 10. Qxd8+ Kxd8 11. fxe3 Ke7 12. Nxc4 Bxc5 13. O-O-O Nd7 14.
Rhf1 Rb8 15. Ne4 Ba7 16. Kb1 f6 17. Ned6 b5 18. Na5 Ne5 19. Nc6+ Nxc6 20. Bxc6 Bc5 21. Nxc8+ Rhxc8 22. Rd7+ Kf8 23. Be4 Bxe3 24. Bxh7 Rc6 25. Be4 Rc4 26. Bd3 Rc6 27. a3 Rbc8 28. Ka2 R8c7 29.
Rd8+ Ke7 30. Rg8 Kf7 31. Ra8 Rc8 32. Rxc8 Rxc8 33. Rf3 Bb6 34. h4 Rc1 35. a4 bxa4 36. Bxa6 Rc2 37. Kb1 Rd2 38. Kc1 Rd4 39. Ra3 Bc5 40.
Rd3 Rxd3 41. Bxd3 a3 42. bxa3 Bxa3+ 43. Kd2 Bc5 44. g4 Bd6 45. Ke3 Bg3 46. h5 Bh4 47. Kf3 Bg5 48. Ke4 Bc1 49. Kd4 Bb2+ 50. Kc5 Ke7 51. Kc6 Bd4 52. Kc7 Be5+ 53. Kc6 Bd4 54. Bg6 Bb2 55. Kb5 Be5 56. Kc4 Bb2 57. Kd3 Ba1 58. Ke4 Bc3 59. Kf4 Bd2+ 60. e3 Bc1 61. Ke4 Bd2 62. Kf3 Bc1 63. Ke2 Bb2 64. Kd3 Be5 65. Ke4 Bb8 66. Kf3 Bc7 67. Kg2 Bb6 68. Kf2 Bc5 69. Ke2 Bb6 70. Kd3 Ba7 71.
Kd2 Bb6 72. h6 gxh6 73. Ke2 Bc7 74. Kf3 Kd6 75. Bf7 Ke5 76. Bg6 Bb6 77. e4 Bc5 78. Bf7 Bd6 79. Bg6 Bc7 80. Bf7 Bb8 81. Bg6 Ba7 82.
Bf7 Bb8 83. Bg6 Bd6 84. Bf7 Bc7 85. Bg6 Kd4 86. Bf7 e5 87. Bh5 Bb6 88. Bg6 Bc7 89. Kg3 Ke3 90. Kh4 Bd6 91. Kh5 Bf8 92. Bf5 Kf4 93.
Kg6 Be7 94. Kxh6 Bd8 95. Kg6 Kg3 96. Kf7 Kf4 97. Ke6 Kg5 98. Kd7 Ba5 99. Kd6 Bd2 100. Ke6 Be1 101. Kd5 Bd2 102. Kc4 Be1 103. Kd3 Ba5 104.
Ke2 Bb6 105. Kf3 Bc7 106. Kg2 Bb6 107. Kf1 Ba5 108. Ke2 Bd8 109. Kd3 Bb6 110. Kc4 Bg1 111. Kd5 Bh2 112. Ke6 Bg3 113. Kd7 Be1 114. Kc6 Bd2 115. Kb5 Bf4 116. Kc4 Bg3 117. Kd3 Bf4 118. Ke2 Bc1 119. Kf3 Ba3 120. Ke2 Bd6 121. Kf1 Bc5 122. Ke1 Bb4+ 123. Kd1 Bc5 124. Kc2 Bd6 125. Kb3 Bc5 126. Kc4 Bg1 127. Kd5 Ba7 128. Ke6 Bg1 129. Kf7 Bh2 130. Ke8 Bg1 131. Kd7 Bf2 132. Kc8 Bg3 133. Kb7 Be1 134. Kc6 Bf2 135. Kb5 Bg3 136. Kc4 Bf2 137. Kd3 Ba7 138. Ke2 Bb8 139. Kf3 Ba7 140. Kg2 Bb6 141. Kf1 Bc5 142. Ke2 Ba7 143. Kd3 Bb8 144. Kc4 1/2-1/2

[Event "Early-Titled-Tuesday-Blitz-August-29-2023"]
[Site "Chess.com"]
[Date "2023.08.29"]
[Round "11"]
[White "AquivaRubinstein"]
[Black "zozik"]
[Result "1-0"]
[WhiteElo "2470"]
[BlackElo "2346"]
[TimeControl "180+1"]
[EndTime "10:06:42 PDT"]
[Termination "AquivaRubinstein won by checkmate"]

1. d4 d5 2. c4 e6 3. Nc3 c5 4. cxd5 exd5 5. Nf3 Nc6 6. dxc5 Nf6 7. Bg5 Bxc5 8. e3 O-O 9. Be2 Be6 10. O-O h6 11.
Bh4 Be7 12. Nb5 Qd7 13. Nbd4 Ne4 14. Bxe7 Qxe7 15. Rc1 Rac8 16. Nxc6 Rxc6 17. Rxc6 bxc6 18. Qa4 Qb7 19. b4 Rb8 20. a3 Nc3 21. Qc2 Nxe2+ 22. Qxe2 Bg4 23. Rc1 Bxf3 24. Qxf3 Qa6 25. Qf4 Rb7 26.
h4 Qxa3 27. Rxc6 Qd3 28. Rd6 Qe4 29. Rd8+ Kh7 30. Qxe4+ dxe4 31. Rd4 f5 32. h5 g6 33. hxg6+ Kxg6 34. Kh2 Kg5 35. Kg3 h5 36. f4+ exf3 37. gxf3 Re7 38. Kf2 h4 39. Rd8 Rb7 40. Rg8+ Kf6 41.
Rf8+ Kg6 42. Rg8+ Kf7 43. Ra8 Rxb4 44. Rxa7+ Kg6 45. Kg2 Rb3 46. Re7 Kg5 47. Kh3 Rd3 48. Re8 Kh5 49. f4 Ra3 50. Re6 Ra1 51. Re8 Rh1+ 52. Kg2 Re1 53. Kf2 Rb1 54. Rg8 Rb2+ 55. Kf3 h3 56. Rh8+ Kg6 57. Rxh3 Kf7 58. Rh6 Rb1 59. Ra6 Rf1+ 60. Kg3 Rg1+ 61. Kf2 Rb1 62. Ke2 Rb3 63. Kf3 Rb1 64. Ra7+ Kf6 65. Ra6+ Kf7 66. Ra5 Kf6 67. Re5 Kg6 68. Re8 Kf7 69. Re5 Kf6 70.
Ke2 Kg6 71. Kd3 Kf6 72. Kd4 Rd1+ 73. Kc5 Rc1+ 74. Kd6 Rd1+ 75. Rd5 Re1 76. Rd3 Rc1 77. Kd7 Ra1 78. Rd6+ Kf7 79. Rd5 Ra7+ 80. Kc6 Ra3 81. Rxf5+ Kg6 82. Re5 Kf6 83. Kd5 Rd3+ 84. Ke4 Rd1 85.
Kf3 Rf1+ 86. Ke4 Rd1 87. Ra5 Rb1 88. Ra6+ Kf7 89. Kf5 Rb5+ 90. Kg4 Rb1 91. e4 Kg7 92.
Kf5 Kf7 93. Ra7+ Kf8 94. e5 Rb6 95. e6 Rb5+ 96. Kf6 Rb8 97. f5 Re8 98. Rh7 Kg8 99. Rg7+ Kh8 100. Rg1 Rf8+ 101. Ke7 Rg8 102. Kf7 Rxg1 103. e7 Rg7+ 104. Kf8 Rg8+ 105. Kf7 Rg7+ 106. Ke6 Rg8 107. f6 Kh7 108. f7 Rg6+ 109. Kd7 Rf6 110. f8=Q Rxf8 111. exf8=Q Kg6 112. Ke6 Kh7 113. Qf5+ Kg7 114. Qg4+ Kh7 115. Kf7 Kh6 116. Qg6# 1-0